Map: Odyssey LE

Players

TIME

  • Race: Terran Terran
  • Spawn Location: 11:00

soO - Winner!

  • Race: Zerg Zerg
  • Spawn Location: 5:00

VOD

Have the link to the VOD?

Description

Time

  • Played on: July 27, 2017, 9:10 p.m.
  • Length: 12:06
Show
View Real Time Build Order
Export as new Build Order

TIME Terran 

Build Orders: Cyclone Opening, Reaper Expand, Bio Tank 

Get SALT Encoding   

  12  0:00  SCV  
  13  0:12  SCV  
  14  0:17  Supply Depot  
  14  0:25  SCV  
  15  0:29  Refinery  
  15  0:39  SCV  
  16  0:44  Barracks  
  16  0:51  SCV  
  17  1:03  SCV  
  18  1:15  SCV  
  19  1:31  Orbital Command, Reaper  
  20  1:43  Command Center  
  20  1:54  Factory  
  20  1:58  SCV  
  21  2:03  Refinery  
  21  2:07  Barracks Reactor  
  21  2:10  SCV  
  21  2:15  Supply Depot  
  22  2:22  SCV  
  24  2:37  SCV  
  24  2:41  Starport  
  24  2:43  Marine  
  24  2:44  Marine  
  28  2:49  SCV  
  27  2:55  Cyclone  
  27  2:58  Orbital Command  
  30  3:01  SCV  
  30  3:04  Marine  
  30  3:05  Marine  
  33  3:13  SCV  
  33  3:19  Medivac  
  36  3:22  Supply Depot  
  36  3:25  SCV  
  36  3:26  SCV  
  38  3:38  SCV, Hellion  
  38  3:39  Hellion  
  38  3:40  SCV  
  43  3:42  Barracks Tech Lab  
  43  3:46  Supply Depot  
  43  3:50  SCV  
  43  3:53  SCV  
  45  4:00  Hellion x2  
  45  4:02  SCV  
  50  4:14  Banshee, Cloaking Field  
  50  4:17  Supply Depot  
  53  4:19  SCV  
  53  4:21  Hellion x2  
  53  4:23  SCV  
  59  4:25  Armory  
  59  4:37  SCV  
  59  4:38  SCV  
  61  4:42  Supply Depot  
  61  4:43  Hellion x2  
  65  4:52  SCV  
  59  5:10  Banshee, Hellion x2  
  59  5:11  SCV x2  
  66  5:14  Barracks Tech Lab, Command Center  
  66  5:22  Barracks  
  66  5:23  SCV, Barracks  
  67  5:29  SCV  
  67  5:32  Refinery x2  
  67  5:34  Engineering Bay x2  
  67  5:35  SCV, Hellion  
  59  5:45  Hellion  
  59  5:46  SCV  
  59  5:47  Stimpack, Marine  
  59  5:48  SCV  
  64  5:58  SCV  
  64  6:00  SCV, Starport Reactor  
  64  6:02  Terran Infantry Armor Level 1, Terran Infantry Weapons Level 1  
  66  6:10  Barracks x2  
  66  6:11  Barracks Reactor  
  66  6:13  SCV  
  66  6:14  Factory Reactor  
  67  6:20  SCV  
  68  6:26  Marine x3  
  68  6:29  Orbital Command  
  68  6:30  SCV  
  72  6:33  SCV  
  73  6:42  SCV  
  73  6:44  Terran Vehicle Weapons Level 1, Marine x3  
  73  6:46  Supply Depot  
  77  6:51  Marine  
  77  6:52  Marine  
  77  6:53  SCV  
  80  6:59  Orbital Command  
  80  7:01  Marine, Barracks Reactor  
  80  7:03  Marine, Siege Tank  
  80  7:06  SCV x2  
  87  7:09  Marine  
  87  7:10  Supply Depot x2  
  87  7:11  Refinery  
  87  7:12  Marine x2, Refinery  
  87  7:13  Medivac x2  
  94  7:16  Marine  
  94  7:19  SCV x2  
  94  7:21  Marine x2  
  99  7:29  Marine x2  
  100  7:31  SCV x2  
  100  7:32  SCV  
  100  7:34  Factory  
  100  7:35  Siege Tank  
  100  7:37  Marine x3  
  107  7:38  Marine  
  107  7:39  Supply Depot  
  107  7:43  SCV, Medivac x2  
  116  7:44  Marine  
  116  7:48  Combat Shields  
  117  7:52  Marine x2  
  117  7:54  Marine  
  117  7:56  Marine  
  117  7:58  Marine x4  
  105  8:01  SCV x3  
  105  8:02  Marine  
  110  8:06  Supply Depot  
  110  8:07  Siege Tank  
  110  8:10  Marine x2  
  110  8:12  Marine  
  116  8:13  SCV  
  116  8:15  SCV  
  116  8:16  Marine x4  
  116  8:17  Marine  
  116  8:19  Factory Tech Lab  
  123  8:23  Supply Depot, Marine  
  123  8:24  Supply Depot  
  124  8:28  Marine x2  
  124  8:30  Marine  
  124  8:34  Marine  
  131  8:35  Terran Infantry Armor Level 2, Terran Infantry Weapons Level 2  
  128  8:42  Liberator x2  
  122  8:49  Marine  
  122  8:50  Marine x2  
  122  8:52  Marine x2  
  122  8:54  Marine x2  
  122  8:55  Marine  
  122  8:58  Siege Tank x2  
  134  9:06  Marine  
  134  9:07  Marine  
  134  9:08  Marine  
  137  9:16  Marine x4  
  141  9:17  Marine  
  141  9:18  Marine  
  141  9:24  Marine  
  143  9:29  Supply Depot x3  
  143  9:31  Supply Depot, Marine x2, Terran Vehicle Weapons Level 2, Sensor Tower  
  144  9:34  Marine  
  144  9:36  Marine  
  144  9:37  Liberator x2  
  148  9:39  Unknown, Marine x3  
  148  9:40  Unknown  
  148  9:41  Marine  
  148  9:44  Siege Tank  
  155  9:48  Siege Tank  
  155  9:51  Marine  
  157  9:57  Marine x2  
  157  9:58  Marine x3  
  168  10:04  Marine  
  169  10:09  Marine  
  169  10:10  Marine x2  
  172  10:15  Marine x2  
  172  10:17  Marine x2  
  172  10:18  Marine  
  177  10:24  Marine  
  177  10:27  Marine x2  
  177  10:28  Marine  
  178  10:33  Marine  
  179  10:37  Medivac x2, Marine  
  179  10:41  Marine x2  
  178  10:49  Marine x2  
  180  10:52  Marine x2  
  180  10:53  Marine, Siege Tank  
  186  11:01  Liberator  
  186  11:05  Marine, Liberator  
  186  11:06  Marine  
  186  11:10  Marine  
  189  11:13  Marine x3  
  189  11:17  Siege Tank  
  173  11:31  Marine x2  
  173  11:32  SCV, Marine  
  109  11:33  Marine, Siege Tank  
  109  11:34  Marine  
  109  11:35  Marine x2  
  109  11:38  Marine  
  105  11:46  Marine  
Show
View Real Time Build Order
Export as new Build Order

soO Zerg - Winner!

Build Orders: Hatch First 

Get SALT Encoding   

  12  0:00  Drone  
  13  0:12  Overlord  
  13  0:17  Drone  
  14  0:30  Drone x2  
  14  0:34  Drone  
  17  0:52  Hatchery  
  17  0:54  Drone  
  17  0:57  Drone  
  18  1:08  Extractor  
  17  1:12  Spawning Pool  
  17  1:15  Drone  
  17  1:18  Drone  
  18  1:28  Drone  
  19  1:38  Overlord  
  19  1:58  Queen  
  19  1:59  Zergling x4  
  23  2:03  Queen  
  23  2:04  Drone  
  23  2:07  Metabolic Boost  
  26  2:11  Drone  
  26  2:15  Drone  
  28  2:23  Drone  
  28  2:26  Drone  
  30  2:34  Queen  
  32  2:38  Zergling x2  
  32  2:39  Drone  
  34  2:47  Pneumatized Carapace  
  34  2:50  Drone, Overlord  
  35  2:54  Drone  
  36  3:04  Overlord  
  36  3:09  Drone x4  
  36  3:10  Drone  
  42  3:12  Drone  
  42  3:13  Drone x2  
  44  3:32  Hatchery  
  44  3:34  Drone x2  
  45  3:37  Drone x2  
  45  3:41  Drone  
  48  3:44  Drone, Queen  
  51  3:50  Overlord  
  51  3:54  Drone  
  52  3:57  Extractor, Overlord  
  52  4:00  Extractor  
  52  4:01  Zergling x4  
  52  4:03  Overlord  
  52  4:04  Lair  
  52  4:11  Zergling x6  
  52  4:17  Zergling x4  
  56  4:20  Queen  
  56  4:23  Zergling x6  
  61  4:25  Drone x2  
  61  4:27  Zergling x2  
  64  4:35  Drone x2  
  66  4:40  Baneling Nest  
  66  4:43  Drone x2, Spore Crawler  
  66  4:45  Drone, Spore Crawler  
  67  4:52  Drone  
  67  4:55  Drone x2  
  67  4:56  Overlord  
  63  5:00  Zergling x8  
  63  5:02  Zergling x2  
  63  5:08  Zergling x4  
  63  5:12  Overseer  
  63  5:13  Queen  
  66  5:15  Zergling x2  
  66  5:19  Zergling x6  
  70  5:24  Baneling x2  
  70  5:25  Drone x3, Baneling x2  
  72  5:29  Drone x3  
  72  5:30  Drone  
  76  5:38  Drone x2  
  76  5:41  Drone  
  76  5:42  Drone x2, Evolution Chamber  
  77  5:43  Evolution Chamber  
  75  5:53  Drone x3  
  75  5:54  Hydralisk Den  
  75  5:56  Extractor  
  76  6:00  Drone x2  
  76  6:01  Drone x3  
  81  6:05  Drone x2  
  81  6:06  Drone  
  84  6:11  Zerg Ground Armor Level 1  
  84  6:13  Zerg Missile Weapons Level 1  
  84  6:14  Drone  
  84  6:17  Extractor  
  84  6:18  Extractor  
  84  6:24  Drone  
  84  6:25  Drone x2  
  86  6:28  Hydralisk, Muscular Augments  
  86  6:29  Overlord  
  86  6:30  Overlord  
  88  6:33  Overlord  
  88  6:36  Centrifical Hooks  
  88  6:38  Overlord  
  88  6:45  Overlord  
  87  6:48  Drone x3  
  87  6:50  Hatchery  
  87  6:54  Drone x3  
  91  7:07  Drone  
  92  7:09  Hatchery  
  92  7:10  Hydralisk x4  
  92  7:11  Zergling x12  
  105  7:22  Baneling x4  
  105  7:27  Hydralisk x3  
  105  7:28  Zergling x12  
  117  7:31  Drone  
  117  7:33  Overlord  
  118  7:42  Drone x2  
  118  7:43  Hydralisk x2, Overlord  
  124  7:48  Baneling x4  
  118  7:59  Hydralisk, Zergling x2  
  118  8:00  Zergling x12  
  118  8:03  Drone x4  
  131  8:08  Overseer  
  131  8:10  Zerg Ground Armor Level 2, Zerg Melee Weapons Level 1  
  131  8:11  Zergling x2  
  132  8:13  Zergling x4  
  132  8:19  Baneling x14  
  134  8:23  Drone x3  
  134  8:24  Zergling x12  
  143  8:29  Zergling x2  
  143  8:30  Zergling x2  
  145  8:39  Zergling x2  
  145  8:40  Zergling x8  
  150  8:43  Burrow  
  150  8:44  Infestation Pit, Overlord  
  150  8:45  Overlord  
  145  8:54  Overlord x2  
  144  9:10  Zergling x32  
  144  9:16  Hatchery  
  159  9:18  Baneling, Overseer  
  159  9:19  Overseer  
  159  9:21  Hive, Extractor  
  158  9:27  Zergling x30  
  173  9:41  Infestor x2  
  173  9:42  Overlord  
  173  9:43  Overlord  
  173  9:57  Baneling  
  173  9:58  Baneling x11  
  173  10:02  Zergling x2  
  173  10:03  Zergling x28  
  178  10:32  Spire  
  178  10:33  Adrenal Glands  
  177  10:36  Ultralisk Cavern  
  177  10:39  Zergling x32  
  184  10:50  Infestor x2  
  184  10:52  Zergling x14  
  184  10:53  Zergling x2  
  196  10:58  Baneling x13  
  196  10:59  Baneling x5  
  196  11:09  Queen  
  195  11:13  Zergling x2  
  195  11:14  Overlord  
  196  11:22  Queen  
  188  11:27  Hydralisk x4  
  188  11:28  Zergling x20  
  188  11:29  Zergling x14  
  153  11:33  Hydralisk x2  
  153  11:34  Zergling x4  
  153  11:35  Zergling x4  
  153  11:37  Hatchery  
  150  11:41  Hydralisk x2  
  150  11:42  Hydralisk, Zergling x8  
  150  11:43  Zergling x2  
Tags
 
Add a new tag
Caveats
  • Supply blocks, unpowered buildings, or Contaminate may cause inaccurate times.
  • Supply counts are checked every 10 seconds.